 Dungeon Crawl Stone Soup version 0.21-a0-78-g82a99e0 (webtiles) character file.

19605 Duffy the Carver (level 12, 106/106 HPs)
             Began as a Centaur Gladiator on June 21, 2017.
             Was an Initiate of Ru.
             Quit the game on level 3 of the Lair of Beasts.
             The game lasted 00:23:53 (20061 turns).

Duffy the Carver (Centaur Gladiator)               Turns: 20061, Time: 00:23:55

Health: 106/106    AC: 25    Str: 21    XL:     12   Next: 38%
Magic:  12/21      EV:  3    Int: 12    God:    Ru [......]
Gold:   833        SH:  0    Dex: 12    Spells: 11/11 levels left

rFire    . . .     SeeInvis .   p - +1 triple sword "Sosuser" {drain, *Contam rElec MP+9 Int+5}
rCold    . . .     Gourm    .   (shield currently unavailable)
rNeg     . . .     Faith    .   E - +0 plate armour
rPois    .         Spirit   .   c - +0 helmet
rElec    +         Reflect  .   B - +0 cloak
rCorr    .         Harm     .   i - +0 pair of gloves
MR       .....                  e - +4 centaur barding
Stlth    ..........             (no amulet)
HPRegen  0.27/turn              (no ring)
MPRegen  0.17/turn              (no ring)

@: very quick
A: hooves 3, deformed body, speed 2, tough skin 3
a: Renounce Religion


You were on level 3 of the Lair of Beasts.
You worshipped Ru.
Ru was noncommittal.
You were hungry.

You visited 3 branches of the dungeon, and saw 14 of its levels.
You also visited: Sewer.

You collected 833 gold pieces.

Inventory:

Hand Weapons
 a - a +5 scimitar of flaming
 b - a +3 scimitar of freezing
 p - the +1 triple sword "Sosuser" (weapon) {drain, *Contam rElec MP+9 Int+5}
   (You acquired it on level 3 of the Lair of Beasts)

   A truly terrible weapon, it drains the life of those it strikes.
   It affects your intelligence (+5).
   It insulates you from electricity.
   It affects your magic capacity (+9).
   It causes magical contamination when unequipped.
 t - a +4 scimitar of flaming
 N - a +3 great sword
 R - a +0 blowgun
Missiles
 S - 7 curare-tipped needles
Armour
 c - a +0 helmet (worn)
 e - a +4 centaur barding (worn)
 i - a +0 pair of gloves (worn)
 B - a +0 cloak (worn)
 E - a +0 plate armour (worn)
Wands
 u - a wand of random effects (29/48)
 x - a wand of digging (19/24)
 y - a wand of random effects (26/48)
 C - a wand of scattershot (5/9)
 H - a wand of digging (12/24)
 I - a wand of disintegration (9/24)
 K - a wand of iceblast (7/15)
 M - a wand of random effects (24/48)
Scrolls
 d - a scroll of fog
 g - 6 scrolls of remove curse
 h - 3 scrolls of blinking
 j - a scroll of enchant weapon
 o - 5 scrolls of teleportation
 r - 2 scrolls of immolation
 D - a scroll of magic mapping {unknown}
 J - a scroll of holy word
 O - a scroll of enchant armour
 Q - a scroll of amnesia {unknown}
Potions
 k - 5 potions of curing
 l - 2 potions of resistance
 q - a potion of magic
 s - 3 potions of mutation
 v - 2 potions of berserk rage
 w - a potion of flight
 z - a potion of agility
 A - 3 potions of lignification
 F - a potion of invisibility
 G - a potion of ambrosia {unknown}
 P - 2 potions of might
 T - 2 potions of cancellation {unknown}
Comestibles
 f - 9 bread rations
 m - 15 royal jellies
 n - 6 fruits


   Skills:
 - Level 10.2 Fighting
 + Level 13.1 Long Blades
 - Level 2.1 Throwing
 - Level 8.5 Armour
 - Level 2.4 Dodging
 + Level 1.0 Evocations


You had 11 spell levels left.
You didn't know any spells.

Dungeon Overview and Level Annotations

Branches:
Dungeon (10/15)            Temple (1/1) D:5            Lair (3/6) D:8
    Orc (0/2) D:9
  Swamp: Lair:2-4    Shoals: Lair:2-4     Snake: Lair:2-4    Spider: Lair:2-4

Altars:
Ashenzari
Cheibriados
Dithmenos
Elyvilon
Fedhas
Gozag
Hepliaklqana
Kikubaaqudgha
Makhleb
Nemelex Xobeh
Okawaru
Qazlal
Ru
Sif Muna
Trog
Uskayaw
Vehumet
Wu Jian
Xom
Yredelemnul
Zin
The Shining One


Innate Abilities, Weirdness & Mutations

You have hooves in place of feet.
Armour fits poorly on your strangely shaped body.
You cover ground very quickly.
You have extremely tough skin. (AC +3)


Message History

a - a +5 scimitar of flaming (weapon)
There is a stone staircase leading up here.
As you read the scroll labeled MUINODW KOUMIZ, it crumbles to dust.
You assume a fearsome visage.
The butterfly looks frightened!
It was a scroll of fear.
As you read the scroll labeled PUTER TAMO, it crumbles to dust.
This is a scroll of acquirement! [a] Weapon [b] Armour [c] Jewellery [d] Book [e] Staff [f] Evocables [g] Food [h] Gold What kind of item would you like to acquire? (\ to view known items)
Something appears before you!
p - an encrusted triple sword Wield which item (- for none, * to show all)? (? for menu, Esc to quit)
Your +5 scimitar of flaming stops flaming.
You feel your magic capacity increase.
You feel clever.
You feel a build-up of mutagenic energy.
You sense an unholy aura.
p - the +1 triple sword "Sosuser" (weapon)
{drain, *Contam rElec MP+9 Int+5} Are you sure you want to abandon this character and quit the game? (Confirm with "yes".)

...... #P...
.....###.....
.............
............
...........
#[.........
##..........
#..@.)......
##..........
#######..........
#P...#...........
...............[.
..P##...###Pb....
# ##..## #.....
#...###P....
##....#.....


There were no monsters in sight!

Vanquished Creatures
  A hydra (Lair:2)
  Erica (D:8)
  A centaur warrior (D:10)
  5 two-headed ogres
  Sonja (Lair:2)
  Pikel (D:8)
  A mana viper (D:8)
  A faun (D:9)
  A deep elf mage (D:9)
  An ugly thing (D:10)
  A black mamba (D:8)
  Joseph (D:7)
  2 torpor snails (Lair:1)
  A spiny frog (Lair:1)
  2 komodo dragons
  2 trolls (D:9)
  2 blink frogs
  Grinder (D:3)
  Prince Ribbit (D:7)
  A hornet (D:7)
  3 hippogriffs
  A vampire (D:9)
  A wraith (D:8)
  Grum (D:8)
  Sigmund (D:3)
  Eustachio (D:5)
  2 basilisks (Lair:2)
  2 water moccasins
  4 porcupines
  10 orc warriors
  4 black bears
  An ice beast (D:8)
  3 phantoms
  4 slaves (D:8)
  7 wolves (D:8)
  A necrophage (D:9)
  8 ogres
  6 centaurs
  2 crocodiles (Lair:2)
  6 bullfrogs
  Blork the orc (D:5)
  3 scorpions
  A wight (D:8)
  A howler monkey (D:9)
  5 crimson imps
  Crazy Yiuf (D:4)
  A bullfrog zombie (D:9)
  2 centaur skeletons
  4 hounds
  9 jellies
  3 orc wizards
  9 orc priests
  A bullfrog skeleton (D:9)
  3 iguanas
  Ijyb (D:4)
  Natasha (thrice) (D:3)
  13 worker ants
  2 killer bee zombies
  A hound zombie (D:8)
  A hound skeleton (D:6)
  2 worker ant zombies
  10 gnolls
  11 adders
  A howler monkey skeleton (D:9)
  6 shadow imps
  5 oozes (D:9)
  3 adder zombies
  3 worms
  A dart slug (D:1)
  10 leopard geckos
  36 orcs
  4 ball pythons
  10 bats
  20 giant cockroaches
  17 goblins
  A hobgoblin (D:2)
  11 jackals
  7 kobolds
  4 quokkas
  13 frilled lizards
  2 quokka skeletons
  12 rats
  A fungus (D:4)
351 creatures vanquished.

Vanquished Creatures (others)
  3 fungi (D:8)
3 creatures vanquished.

Grand Total: 354 creatures vanquished

Notes
Turn   | Place    | Note
-------+----------+-------------------------------------------
     0 | D:1      | Duffy the Centaur Gladiator began the quest for the Orb.
     0 | D:1      | Reached XP level 1. HP: 17/17 MP: 1/1
    15 | D:1      | Reached skill level 3 in Long Blades
   309 | D:1      | Reached XP level 2. HP: 9/24 MP: 2/2
   647 | D:1      | Reached skill level 1 in Armour
   647 | D:1      | Reached XP level 3. HP: 29/29 MP: 3/3
  2127 | D:3      | Reached XP level 4. HP: 32/36 MP: 4/4
  2229 | D:3      | Noticed Sigmund
  2237 | D:3      | Killed Sigmund
  2237 | D:3      | Reached skill level 4 in Long Blades
  2237 | D:3      | Reached XP level 5. HP: 30/41 MP: 5/5
  2482 | D:3      | Found a glowing drain.
  2502 | Sewer    | Entered a sewer
  2554 | Sewer    | Reached XP level 6. HP: 48/48 MP: 6/6
  2984 | Sewer    | Reached skill level 5 in Long Blades
  3359 | D:3      | Noticed Natasha
  3400 | D:4      | Noticed Eustachio
  3425 | D:5      | Entered Level 5 of the Dungeon
  4485 | D:3      | Killed Natasha
  4583 | D:3      | Noticed Natasha
  4605 | D:3      | Killed Natasha
  4809 | D:3      | Reached XP level 7. HP: 55/55 MP: 7/7
  4893 | D:3      | Noticed Grinder
  4988 | D:3      | Noticed Natasha
  4996 | D:3      | Killed Natasha
  5080 | D:4      | Reached skill level 6 in Long Blades
  6032 | D:4      | Found a runed door.
  6036 | D:4      | Noticed Crazy Yiuf
  6046 | D:4      | Killed Crazy Yiuf
  6323 | D:4      | Reached skill level 7 in Long Blades
  6332 | D:4      | Noticed Ijyb
  6349 | D:4      | Killed Ijyb
  6728 | D:5      | Noticed Blork the orc
  6741 | D:5      | Killed Blork the orc
  6741 | D:5      | Reached XP level 8. HP: 49/61 MP: 8/8
  6883 | D:5      | Reached skill level 8 in Long Blades
  7224 | D:5      | Killed Eustachio
  7263 | D:5      | Found a staircase to the Ecumenical Temple.
  7272 | Temple   | Entered the Ecumenical Temple
  7409 | Temple   | Became a worshipper of Ru the Awakened
  7455 | D:3      | Reached skill level 9 in Long Blades
  7521 | D:3      | Killed Grinder
  8277 | D:6      | Reached skill level 10 in Long Blades
  8277 | D:6      | Reached XP level 9. HP: 59/67 MP: 9/9
  8551 | D:6      | Found a shattered altar of Ashenzari.
  9792 | D:7      | Noticed Prince Ribbit
  9812 | D:7      | Killed Prince Ribbit
 10440 | D:7      | Paralysed by a hornet for 3 turns
 10707 | D:7      | Noticed Joseph
 10722 | D:7      | Killed Joseph
 10722 | D:7      | Reached skill level 5 in Armour
 11060 | D:8      | Reached skill level 5 in Fighting
 11066 | D:8      | Noticed a two-headed ogre
 11252 | D:8      | Noticed Erica
 11275 | D:8      | Killed Erica
 11275 | D:8      | Reached skill level 11 in Long Blades
 11275 | D:8      | Reached XP level 10. HP: 76/81 MP: 10/10
 11603 | D:8      | Noticed Pikel
 11620 | D:8      | Killed Pikel
 11842 | D:8      | Found a hide-covered altar of Uskayaw.
 11916 | D:8      | Noticed a two-headed ogre
 11925 | D:8      | Killed a two-headed ogre
 12571 | D:8      | Killed a two-headed ogre
 12768 | D:8      | Noticed Grum
 12790 | D:8      | Killed Grum
 12955 | D:8      | Reached XP level 11. HP: 84/92 MP: 11/11
 13077 | D:8      | Found a staircase to the Lair.
 13418 | D:9      | Noticed a two-headed ogre
 13423 | D:9      | Noticed a deep elf mage
 13434 | D:9      | Killed a two-headed ogre
 13658 | D:9      | Noticed a mana viper
 13658 | D:9      | a deep elf mage changed into a mana viper
 13670 | D:8      | Killed a mana viper
 13891 | D:9      | Reached skill level 12 in Long Blades
 13916 | D:9      | Noticed a tengu warrior
 13981 | D:9      | a tengu warrior changed into a faun
 14120 | D:9      | Noticed a deep elf mage
 14445 | D:9      | Killed a deep elf mage
 14796 | D:10     | Entered Level 10 of the Dungeon
 15090 | D:9      | Found a staircase to the Orcish Mines.
 15290 | D:9      | Noticed a two-headed ogre
 15302 | D:9      | Killed a two-headed ogre
 15853 | D:9      | Found a radiant altar of Vehumet.
 16162 | D:10     | Noticed a two-headed ogre
 16171 | D:10     | Killed a two-headed ogre
 16489 | D:10     | Noticed a centaur warrior
 16504 | D:10     | Killed a centaur warrior
 16656 | D:10     | Noticed a purple ugly thing
 16668 | D:10     | Killed a purple ugly thing
 17089 | Lair:1   | Entered Level 1 of the Lair of Beasts
 17505 | D:8      | Reached XP level 12. HP: 105/105 MP: 12/12
 18111 | Lair:1   | Found a snail-covered altar of Cheibriados.
 18760 | Lair:2   | Noticed a six-headed hydra
 18786 | Lair:2   | Killed a one-headed hydra
 18786 | Lair:2   | Reached skill level 10 in Fighting
 18896 | Lair:2   | Noticed Sonja
 18898 | Lair:2   | Killed Sonja
 18898 | Lair:2   | Reached skill level 13 in Long Blades
 20039 | Lair:3   | Reached skill level 1 in Evocations
 20058 | Lair:3   | Identified a scroll of acquirement
 20059 | Lair:3   | Got an encrusted triple sword
 20060 | Lair:3   | Identified the +1 triple sword "Sosuser" {drain, *Contam rElec MP+9 Int+5} (You acquired it on level 3 of the Lair of Beasts)
 20061 | Lair:3   | Quit the game

Vault maps used:
D:1:      erik_arrival_blinker_ship
D:3:      portal_sewer_entry_f, kennysheep_doodads, minmay_misc_feat_rugged,
          uniq_sigmund, uniq_natasha, uniq_grinder
D:4:      kennysheep_goblin_castle, first_bread, uniq_eustachio,
          uniq_crazy_yiuf_cottage
D:5:      minmay_temple_entry_hall, nrook_uturn, uniq_blork_the_orc
D:6:      nicolae_overflow_crystal_walls
D:7:      uniq_joseph, uniq_prince_ribbit1
D:8:      lemuel_round_altar, grunt_lair_entry_orc_guard_hut, uniq_erica,
          uniq_pikel, uniq_grum
D:9:      minmay_the_grid_four_pointed_star_mashed, david_orc_4,
          hangedman_little_slice_of_home, minmay_ruined_shrine
Temple:   regret_index_temple_chain_breaker
Lair:1:   kennysheep_snail_temple
Lair:2:   uniq_sonja
Lair:3:   elwin_shoals_entry_rocks, nicolae_volcano_entry_batcave,
          grunt_forest_large_clearing_hut, minmay_lair_oklob_chamber,
          lemuel_fruit_fields
Sewer:    sewer_frog_island_01

Skill      XL: |  1  2  3  4  5  6  7  8  9 10 11 12 |
---------------+-------------------------------------+-----
Long Blades    | 3 4 5 7 10 11 12 13 | 13.1
Armour         | 1 2 3 5 6 8 |  8.5
Fighting       | 5 7 9 10 | 10.2
Evocations     | 1 |  1.0
Throwing       | |  2.1
Dodging        | |  2.4

Action                   |  1- 3 |  4- 6 |  7- 9 | 10-12 || total
-------------------------+-------+-------+-------+-------++-------
Melee: Long sword        |   150 |   232 |   214 |       ||   596
       Kick              |    35 |    58 |   114 |   152 ||   359
       Scimitar          |       |       |   198 |   562 ||   760
Throw: Throwing net      |       |     2 |     1 |       ||     3
Invok: Reject Sacrifices |       |       |     1 |     1 ||     2
Evoke: Wand              |       |       |       |     7 ||     7
  Use: Scroll            |     3 |     3 |    13 |     8 ||    27
  Eat: Chunk             |     3 |     9 |    17 |    19 ||    48
       Meat ration       |       |       |       |     1 ||     1
Armor: Leather armour    |    13 |       |       |       ||    13
       Chain mail        |   143 |   172 |   247 |       ||   562
       Plate armour      |       |       |    47 |   395 ||   442
Dodge: Dodged            |    31 |    40 |    86 |    65 ||   222
       Rpst.: Long sword |    12 |     6 |    22 |       ||    40
       Scimitar          |       |       |    12 |    16 ||    28
